 Dungeon Crawl Stone Soup version 0.25.1-2-g60ff931df9 (webtiles) character file.

Game seed: 347553458217388442

543 DogServant the Slasher (level 7, -1/50 HPs)
             Began as a Merfolk Gladiator on Nov 11, 2020.
             Was an Initiate of Wu Jian.
             Slain by a sky beast (6 damage)
             ... on level 5 of the Dungeon.
             The game lasted 00:06:21 (5815 turns).

DogServant the Slasher (Merfolk Gladiator)          Turns: 5815, Time: 00:06:22

Health: -1/50      AC:  4    Str: 17    XL:     7   Next: 27%
Magic:  7/7        EV: 17    Int:  7    God:    Wu Jian [......]
Gold:   321        SH:  0    Dex: 21    Spells: 6/6 levels left

rFire    . . .     SeeInvis .   a - +0 long sword
rCold    . . .     Gourm    .   (no shield)
rNeg     . . .     Faith    .   b - +0 leather armour
rPois    +         Spirit   .   c - +0 helmet
rElec    .         Reflect  .   (no cloak)
rCorr    .         Harm     .   (no gloves)
MR       .....                  (no boots)
Stlth    ++........             (no amulet)
HPRegen  0.16/turn              i - +6 ring of dexterity
MPRegen  0.10/turn              t - ring of poison resistance (curse)

@: no status effects
A: change form in water, swift swim, stealthy swim
a: Renounce Religion


You were on level 5 of the Dungeon.
You worshipped Wu Jian.
Wu Jian was noncommittal.
You were not hungry.

You visited 2 branches of the dungeon, and saw 6 of its levels.

You collected 321 gold pieces.

Inventory:

Hand Weapons
 a - a +0 long sword (weapon)
Missiles
 d - 2 throwing nets (quivered)
 g - 27 poisoned darts
Armour
 b - a +0 leather armour (worn)
 c - a +0 helmet (worn)
 h - a +0 buckler
Jewellery
 i - a +6 ring of dexterity (left hand)
 t - a cursed ring of poison resistance (right hand)
Scrolls
 k - a scroll of blinking {unknown}
 l - 2 scrolls of remove curse {unknown}
 m - a scroll of teleportation {unknown}
 n - 2 scrolls of identify {unknown}
 p - a scroll of fog {unknown}
Potions
 e - 2 potions of heal wounds
 j - 6 potions of curing {unknown}
 o - a potion of ambrosia {unknown}
 q - a potion of brilliance {unknown}
 s - a potion of lignification {unknown}
Comestibles
 f - 6 rations


   Skills:
 - Level 2.2 Fighting
 * Level 6.7 Long Blades
 - Level 2.0 Throwing
 + Level 6.4 Dodging
 + Level 3.2 Shields


You had 6 spell levels left.
You didn't know any spells.
Your spell library contained the following spells:

 Spells                   Type           Power        Failure   Level  Hunger
 Malign Gateway           Summ/Tloc      #.........   100%        7    #######
 Monstrous Menagerie      Summ           #.........   100%        7    #######
 Summon Greater Demon     Summ           #.........   100%        7    #######
 Summon Horrible Things   Summ           #.........   100%        8    #######


Dungeon Overview and Level Annotations

Branches:
Dungeon (5/15)             Temple (1/1) D:4

Altars:
Ashenzari
Cheibriados
Dithmenos
Elyvilon
Fedhas
Gozag
Hepliaklqana
Kikubaaqudgha
Makhleb
Nemelex Xobeh
Qazlal
Ru
Sif Muna
Trog
Uskayaw
Vehumet
Wu Jian
Xom
Yredelemnul
Zin
The Shining One

Shops:
D:4 !


Message History

You hit the sky beast but do no damage.
The sky beast is almost dead.
The sky beast hits you.
* * * LOW HITPOINT WARNING * * *
The sky beast shocks you.
* * * LOW HITPOINT WARNING * * *
You closely miss the sky beast.
The sky beast is almost dead.
The sky beast flickers out of sight!
Deactivating autopickup; reactivate with Ctrl-A.
Something hits you but does no damage.
A jelly comes into view.
A worm comes into view.
Something closely misses you.
Found a scroll labeled YDOINU KOTOOKK.
You barely miss something. Something barely misses you.
You miss something. Something hits you.
* * * LOW HITPOINT WARNING * * *
Something shocks you.
You die...

#.## ##..
#...###..[
#.........
#...#.....
#...#.....
#########.........
#.......#...#..#..
#.................
#@{.J.........####
########......####
###...........
#...........##
#....####......
#.J## ####.## #..#
#.# #..? #.# .w.
....


You could see a jelly.

Vanquished Creatures
  A sky beast (D:4)
  A scorpion (D:5)
  An orc priest (D:2)
  A hound (D:4)
  Jessica (D:3)
  6 worker ants
  A hound skeleton (D:4)
  4 gnolls
  5 adders
  2 oozes
  3 dart slugs (D:2)
  5 leopard geckos
  9 orcs (D:4)
  2 giant cockroaches
  8 goblins
  9 hobgoblins
  6 kobolds
  4 quokkas
  2 ball pythons
  10 bats
  2 frilled lizards (D:1)
  2 gnoll zombies (D:3)
  A jackal skeleton (D:4)
  5 rats
91 creatures vanquished.

Vanquished Creatures (others)
  An orc priest (D:2)
  An adder (D:2)
  3 orcs (D:2)
  A quokka (D:2)
  2 kobolds (D:2)
  4 toadstools (D:1)
12 creatures vanquished.

Grand Total: 103 creatures vanquished

Notes
Turn   | Place    | Note
-------+----------+-------------------------------------------
     0 | D:1      | DogServant the Merfolk Gladiator began the quest for the
                  | Orb.
     0 | D:1      | Reached XP level 1. HP: 16/16 MP: 1/1
   134 | D:1      | Reached XP level 2. HP: 16/22 MP: 2/2
  1259 | D:2      | Reached XP level 3. HP: 26/27 MP: 3/3
  1720 | D:2      | Reached skill level 1 in Shields
  1743 | D:2      | Found a sparkling altar of Nemelex Xobeh.
  1746 | D:2      | Reached XP level 4. HP: 33/33 MP: 4/4
  2028 | D:3      | Reached skill level 5 in Dodging
  2205 | D:3      | Noticed Jessica
  2236 | D:3      | Killed Jessica
  2632 | D:3      | Found a basalt altar of Yredelemnul.
  2696 | D:3      | Found a hazy altar of Hepliaklqana.
  2725 | D:3      | Reached skill level 5 in Long Blades
  2725 | D:3      | Reached XP level 5. HP: 34/38 MP: 5/5
  2824 | D:3      | Found a stormy altar of Qazlal.
  4088 | D:3      | Reached XP level 6. HP: 30/44 MP: 6/6
  4731 | D:4      | Found Jijeq's Distillery.
  5210 | D:4      | Noticed a sky beast
  5221 | D:4      | Killed a sky beast
  5221 | D:4      | Reached XP level 7. HP: 50/50 MP: 7/7
  5326 | D:4      | Found a staircase to the Ecumenical Temple.
  5421 | Temple   | Entered the Ecumenical Temple
  5618 | Temple   | Became a worshipper of the Wu Jian Council
  5683 | D:5      | Entered Level 5 of the Dungeon
  5815 | D:5      | Slain by a sky beast

Illustrated notes

Levels and vault maps discovered:
D:1:      ncdulo_smallfort, layout_loops_corners, minmay_gold_behind_fungi
D:2:      layout_rooms, old_standard_altar, first_ration, lemuel_old_faithful
D:3:      layout_basic, general_overflow_altar, lemuel_zombie_altar_yredelemnul,
          nicolae_qazlal_general_emergency, uniq_jessica
D:4:      layout_basic, lemuel_temple_firewalk_a, serial_shops, shop_statue
D:5:      layout_rooms, chequers_serial_rivers_micro_d, corexii_shack,
          solitary_fountain
Temple:   eino_narrow_crystal_temple

Skill      XL: |  1  2  3  4  5  6 |
---------------+-------------------+-----
Long Blades    | 4 5 6 |  6.7
Shields        | 1 2 3 |  3.2
Dodging        | 5 6 |  6.4
Fighting       | |  2.2
Throwing       | |  2.0

Action                   |  1- 3 |  4- 6 |  7- 9 || total
-------------------------+-------+-------+-------++-------
Melee: Long sword        |    63 |   181 |    28 ||   272
Throw: Throwing net      |       |     1 |       ||     1
Invok: Lunge             |       |       |     1 ||     1
  Use: Potion            |       |     1 |       ||     1
 Stab: Sleeping          |     1 |     2 |     1 ||     4
       Held in net/web   |       |     1 |       ||     1
  Eat: Chunk             |     3 |     7 |     2 ||    12
       Ration            |       |     1 |       ||     1
Armor: Leather armour    |    22 |    29 |     7 ||    58
Dodge: Dodged            |    67 |   154 |    15 ||   236
       Rpst.: Long sword |    25 |    52 |     6 ||    83
